cohdb
Replays
Latest Replays
All Replays
Popular Replays
Top Player Replays
Match Explorer
How It Works
Community
CoH3 Stats
Reddit
Sign in to upload your games and track your stats! →
Sign in with Steam
Match 44561512
Unlisted
Match 44561512
Overview
Messages
Build Orders
End
Construct Barracks
Riflemen Squad
M1 Mortar Team
Engineer Squad
Riflemen Squad
Construct Medical Station
Mechanized Support Center
M1918 Browning Automatic Rifles
Construct Tank Depot
Construct Tank Depot
M18 Hellcat Tank Destroyer
Engineer Squad
Engineer Squad
M4A1 Sherman Medium Tank
Improvised Armor
Construct Weapon Support Center
M4A1 Sherman Medium Tank
Engineer Squad
Engineer Squad
Bazooka Squad
Bazooka Squad
Bazooka Squad
Bazooka Squad
Engineer Squad
Engineer Squad
Engineer Squad
Engineer Squad
SMASHLOTUP
Serial Chiller
ThunderX
PADDY MAIN S.A.S
S.T.A.L.K.E.R.
SiaNKs
freeclimber
骷髅上司
0
0
Comments
sign in to comment!
No comments posted yet!